 Dungeon Crawl Stone Soup version 0.21.0-3-g78d12a8 (webtiles) character file.

223 wojtek the Chopper (level 5, 0/46 HPs)
             Began as a Minotaur Fighter on Jan 14, 2018.
             Killed by vampiric draining
             ... invoked by theanonym's ghost
              (10 damage)
             ... on level 4 of the Dungeon.
             The game lasted 00:02:53 (2735 turns).

wojtek the Chopper (Minotaur Fighter)               Turns: 2735, Time: 00:02:54

Health: 0/46       AC:  9    Str: 22    XL:     5   Next: 66%
Magic:  4/4        EV:  7    Int:  5    God:
Gold:   203        SH:  9    Dex:  9    Spells: 4/4 levels left

rFire    . . .     SeeInvis .   a - +0 war axe
rCold    . . .     Gourm    .   c - +0 shield
rNeg     . . .     Faith    .   b - +0 scale mail
rPois    .         Spirit   .   u - +2 hat
rElec    .         Reflect  .   (no cloak)
rCorr    .         Harm     .   (no gloves)
MR       .....                  (no boots)
Stlth    ..........             (no amulet)
HPRegen  0.15/turn              (no ring)
MPRegen  0.09/turn              (no ring)

@: no status effects
A: retaliatory headbutt, horns 2
a: no special abilities


You were on level 4 of the Dungeon.
You were not hungry.

You visited 1 branch of the dungeon, and saw 4 of its levels.

You collected 203 gold pieces.

Inventory:

Hand Weapons
 a - a +0 war axe (weapon)
Armour
 b - a +0 scale mail (worn)
 c - a +0 shield (worn)
 u - a +2 hat (worn)
Jewellery
 p - a cursed ring of teleportation {unknown}
 s - an uncursed amulet of the gourmand {unknown}
Scrolls
 j - 3 scrolls of teleportation {unknown}
 k - 5 scrolls of identify {unknown}
 l - a scroll of fog {unknown}
 m - a scroll of remove curse {unknown}
 n - a scroll of fear {unknown}
 t - a scroll of amnesia {unknown}
Potions
 d - a potion of might
 e - a potion of berserk rage {unknown}
 g - 3 potions of heal wounds {unknown}
 h - a potion of brilliance {unknown}
 i - a potion of ambrosia {unknown}
 o - a potion of lignification {unknown}
 q - a potion of haste {unknown}
Comestibles
 f - 12 rations


   Skills:
 + Level 3.7 Fighting
 + Level 7.1 Axes
 + Level 3.7 Armour
 + Level 0.3 Dodging
 - Level 3.6 Shields


You had 4 spell levels left.
You didn't know any spells.

Dungeon Overview and Level Annotations

Branches:
Dungeon (4/15)
 Temple: D:4-7

Altars:
The Shining One

Annotations:
D:4 theanonym's ghost, amateur DgNe


Innate Abilities, Weirdness & Mutations

You reflexively headbutt those who attack you in melee.
You have a pair of horns on your head.


Message History

You closely miss theanonym's ghost.
Theanonym's ghost is heavily damaged.
Theanonym's ghost hits you but does no damage.
You closely miss theanonym's ghost.
Theanonym's ghost is heavily damaged.
Theanonym's ghost says, "I need your bones for a spell of mine."
You block theanonym's ghost's attack.
You hit theanonym's ghost but do no damage.
Theanonym's ghost is heavily damaged.
Theanonym's ghost hits you.
You are too injured to fight recklessly!
You slash theanonym's ghost!
Theanonym's ghost is severely damaged.
Theanonym's ghost casts a spell at you. Pain shoots through your body!
* * * LOW HITPOINT WARNING * * *
You hit theanonym's ghost.
Theanonym's ghost is severely damaged.
Theanonym's ghost is infused with unholy energy.
You die...

### #.. #.#
###.# ...# #..#
##.####(.#######
............$...
#.####@..######
##W.# #..# #....
...### #..# #..#
...


You could see theanonym's ghost.

Vanquished Creatures
  The ghost of Dirtsage the Slasher, an amateur VSFi (D:3)
  A gnoll (D:1)
  4 adders
  2 oozes (D:3)
  2 dart slugs
  5 leopard geckos
  3 orcs (D:3)
  2 bats
  3 giant cockroaches
  8 goblins
  5 hobgoblins
  2 jackals (D:2)
  5 kobolds
  A ball python (D:1)
  2 frilled lizards (D:3)
  A quokka zombie (D:2)
  8 rats
55 creatures vanquished.

Notes
Turn   | Place    | Note
-------+----------+-------------------------------------------
     0 | D:1      | wojtek the Minotaur Fighter began the quest for the Orb.
     0 | D:1      | Reached XP level 1. HP: 19/19 MP: 0/0
   111 | D:1      | Reached skill level 3 in Axes
   243 | D:1      | Reached XP level 2. HP: 26/26 MP: 1/1
   555 | D:1      | Reached skill level 4 in Axes
   854 | D:2      | Reached XP level 3. HP: 31/31 MP: 2/2
  1257 | D:2      | Reached skill level 5 in Axes
  1417 | D:2      | Reached XP level 4. HP: 39/39 MP: 3/3
  1884 | D:3      | Found a glowing golden altar of the Shining One.
  1934 | D:3      | Noticed Dirtsage's ghost (amateur VSFi)
  1950 | D:3      | Killed Dirtsage's ghost
  1950 | D:3      | Reached skill level 7 in Axes
  1950 | D:3      | Reached XP level 5. HP: 16/45 MP: 4/4
  2525 | D:4      | Noticed theanonym's ghost (amateur DgNe)
  2735 | D:4      | Killed from afar by theanonym's ghost

Skill      XL: |  1  2  3  4 |
---------------+-------------+-----
Axes           | 3 4 5 7 |  7.1
Fighting       | |  3.7
Armour         | |  3.7
Dodging        | |  0.3
Shields        | |  3.6

Action                   |  1- 3 |  4- 6 || total
-------------------------+-------+-------++-------
Melee: War axe           |    65 |    71 ||   136
       Headbutt          |    12 |     9 ||    21
  Eat: Chunk             |     2 |     4 ||     6
Armor: Scale mail        |    21 |    25 ||    46
Dodge: Dodged            |    11 |    18 ||    29
Block: Shield            |    29 |    39 ||    68
